 Dungeon Crawl Stone Soup version 0.17-a0-2231-gd80ca38 (webtiles) character file.

453 Arkorax the Ruffian (level 6, 0/58 HPs)
             Began as a Minotaur Monk on Oct 29, 2015.
             Killed from afar by an orc wizard (8 damage)
             ... with a magic dart
             ... on level 4 of the Dungeon.
             The game lasted 00:07:05 (2857 turns).

Arkorax the Ruffian (Minotaur Monk)                 Turns: 2857, Time: 00:07:05

Health: 0/58       AC: 11    Str: 16    XL:     6   Next: 75%
Magic:  5/5        EV: 11    Int:  7    God:
Gold:   144        SH:  0    Dex: 16    Spells: 0 memorised, 5 levels left

rFire  . . .     SeeInvis .       - Unarmed
rCold  . . .     Clarity  .     r - +0 scale mail
rNeg   . . .     SustAt   .     (no shield)
rPois  .         Gourm    .     (helmet restricted)
rElec  .         Spirit   .     j - +1 cloak
rCorr  .         Warding  .     (no gloves)
rMut   .         Stasis   .     p - +2 pair of boots
MR     .....                    (no amulet)
Stlth  ++........               (no ring)
                                (no ring)

@: not resistant to hostile enchantments, unstealthy
A: retaliatory headbutt, horns 2, thin skeletal structure 1, camouflage 1
a: no special abilities


You were on level 4 of the Dungeon.
You were very hungry.

You visited 1 branch of the dungeon, and saw 4 of its levels.

You collected 144 gold pieces.

Inventory:

Hand Weapons
 v - the +12 dagger "Qoostredd" {drain, Dex+3}
   (You found it on level 4 of the Dungeon)

   A truly terrible weapon, it drains the life of those it strikes.
   It affects your dexterity (+3).
Armour
 j - a +1 cloak (worn)
 p - a +2 pair of boots (worn)
 r - a +0 scale mail (worn)
Jewellery
 c - an uncursed ring of teleportation
 w - an uncursed ring of magical power {unknown}
Scrolls
 a - a scroll of enchant armour {unknown}
 d - a scroll of identify
 f - a scroll of magic mapping {unknown}
 i - a scroll of remove curse
 l - a scroll of fog {unknown}
 m - 2 scrolls of recharging {unknown}
 t - a scroll of teleportation {unknown}
Potions
 e - 2 potions of brilliance
 g - a potion of might {unknown}
 h - a potion of heal wounds {unknown}
 k - a potion of mutation
 n - a potion of degeneration {unknown}
 q - a potion of magic
 s - a potion of poison {unknown}
Comestibles
 b - 4 bread rations
 o - a beef jerky


   Skills:
 + Level 6.8 Fighting
 - Level 3.2 Dodging
 - Level 1.5 Stealth
 + Level 7.2 Unarmed Combat


You had 5 spell levels left.
You didn't know any spells.

Dungeon Overview and Level Annotations

Branches:
Dungeon (4/15)
 Temple: D:4-7

Altars:
Fedhas
Sif Muna
Vehumet


Innate Abilities, Weirdness & Mutations

You reflexively headbutt those who attack you in melee.
You have a pair of horns on your head.
You have a somewhat thin skeletal structure (Dex +2, Stealth).
Your skin changes colour to match your surroundings (Stealth).


Message History

The orc wizard blinks!
Robin hits you but does no damage. Robin hits you but does no damage.
Things that are here:
a leather armour; an orc corpse You hit Robin.
Robin is severely wounded.
Robin zaps a wand.
The magic dart hits you!
* * * LOW HITPOINT WARNING * * *
You closely miss Robin.
Robin is severely wounded.
Robin zaps a wand.
The magic dart hits you!
* * * LOW HITPOINT WARNING * * *
The orc wizard hits you but does no damage.
You hit Robin. You headbutt Robin.
You kill Robin!
The orc wizard hits you with a dagger.
* * * LOW HITPOINT WARNING * * *
The orc wizard points at you and mumbles some strange words.
The magic dart hits you!
You die...

.....# ...###
♣♣PP♣≈
##.#.##
.#...#
≈≈P≈♣P≈
#....# . .#.#
♣≈≈≈P≈≈≈
###..######.#
♣≈≈≈≈≈≈≈≈
#.........#
≈≈P≈P≈≈≈≈
#.######..#
#####
≈PP♣P≈≈≈≈ #.#
#..# #...
≈P≈≈≈≈ #.#
###..###o###
≈♣ #.#
#.....)[@..#
#.
#.#..###†#.#
.. #.#..#
#..... # #..#
#.###..# ....
>.# .# .####
#.# # #. #..
# #.#


You could see an orc wizard.

Vanquished Creatures
  The ghost of Arkorax the Ruffian, an amateur MiMo (D:3)
  A hound (D:4)
  3 orc wizards (D:3)
  2 orc priests (D:3)
  Terence (D:3)
  Natasha (twice) (D:3)
  Robin (D:4)
  6 adders
  A worm (D:4)
  2 giant geckos (D:1)
  13 orcs
  3 giant cockroaches (D:1)
  13 goblins
  7 hobgoblins
  8 kobolds
  8 bats
  4 giant newts
  4 jackals (D:2)
  5 rats
85 creatures vanquished.

Notes
Turn   | Place    | Note
--------------------------------------------------------------
     0 | D:1      | Arkorax the Minotaur Monk began the quest for the Orb.
     0 | D:1      | Reached XP level 1. HP: 19/19 MP: 0/0
   161 | D:1      | Reached XP level 2. HP: 24/27 MP: 1/1
   302 | D:1      | Reached skill level 5 in Unarmed Combat
   555 | D:2      | Found a radiant altar of Vehumet.
   745 | D:2      | Found a deep blue altar of Sif Muna.
   915 | D:2      | Reached XP level 3. HP: 33/33 MP: 2/2
  1271 | D:3      | Found a blossoming altar of Fedhas.
  1411 | D:3      | Noticed Terence
  1438 | D:3      | Killed Terence
  1438 | D:3      | Reached XP level 4. HP: 32/41 MP: 3/3
  1536 | D:3      | Reached skill level 5 in Fighting
  1536 | D:3      | Reached skill level 6 in Unarmed Combat
  1571 | D:3      | Noticed Natasha
  1577 | D:3      | Killed Natasha
  1577 | D:3      | Reached XP level 5. HP: 46/48 MP: 4/4
  1874 | D:3      | Noticed Arkorax's ghost (amateur MiMo)
  1985 | D:3      | Killed Arkorax's ghost
  1985 | D:3      | Reached XP level 6. HP: 34/57 MP: 5/5
  2071 | D:3      | Noticed Natasha
  2077 | D:3      | Killed Natasha
  2201 | D:3      | Found a faded altar to an unknown god.
  2254 | D:3      | Reached skill level 7 in Unarmed Combat
  2627 | D:4      | Got a warped dagger
  2641 | D:4      | Identified the +12 dagger "Qoostredd" {drain, Dex+3} (You found it on level 4 of the Dungeon)
  2801 | D:4      | Noticed Robin
  2844 | D:4      | HP: 2/58 [Robin/wand of magic darts (3)]
  2847 | D:4      | Gained mutation: Your skin changes colour to match your surroundings (Stealth). [potion of mutation]
  2847 | D:4      | Gained mutation: You have a somewhat thin skeletal structure (Dex +2, Stealth). [potion of mutation]
  2856 | D:4      | Killed Robin
  2857 | D:4      | Killed from afar by an orc wizard

Vault maps used:
D:1:      dpeg_arrival_concentric_ovals
D:2:      fiery_altar_vehumet, marbit_many_paths
D:3:      fedhas_altar_4, ecumenical_altar_2, uniq_natasha, uniq_terence
D:4:      kennysheep_mini, first_bread, fountainhead, serial_bayou_lake_a,
          uniq_robin, uniq_crazy_yiuf_cottage

Action                   |  1- 3 |  4- 6 || total
-------------------------+-------+-------++-------
Melee: Unarmed           |   112 |   129 ||   241
  Use: Scroll            |       |     3 ||     3
       Potion            |       |     3 ||     3
 Stab: Sleeping          |     1 |       ||     1
  Eat: Chunk             |       |     5 ||     5
